 Dungeon Crawl Stone Soup version 0.16.1-11-g651b585 (webtiles) character file.

57871 Trafet the Spear-Bearer (level 14, -1/110 HPs)
             Began as a Demonspawn Wizard on Apr 4, 2015.
             Slain by a tentacled starspawn (22 damage)
             ... on level 1 of the Abyss on Apr 5, 2015.
             The game lasted 02:10:03 (24227 turns).

Trafet the Spear-Bearer (Demonspawn Wizard)        Turns: 24227, Time: 02:10:05

Health: -1/110     AC: 15    Str: 11    XL:     14   Next: 47%
Magic:  31/33      EV: 15    Int: 28    God:    Xom [*.....]
Gold:   1548       SH:  0    Dex: 12    Spells: 7 memorised, 1 level left

rFire  + + .     SeeInvis +     E - +4 halberd (chaos)
rCold  . . .     Clarity  .     K - +0 leather armour {rF+}
rNeg   . . .     SustAb   .     (no shield)
rPois  +         Gourm    +     b - +0 hat
rElec  .         Spirit   .     u - +4 cloak "Pnaquch" {rPois}
rCorr  .         Warding  .     p - +2 pair of gloves
rMut   .         Stasis   .     (boots unavailable)
MR     +....                    D - amulet of the gourmand
Stlth  ++........               g - ring of Edasm {+Blink MP+9 Str+3 Int+4}
                                c - ring of see invisible

@: constricted, repel missiles, somewhat resistant to hostile enchantments,
unstealthy
A: talons 3, thin metallic scales 1, deterioration 1, fire resistance 1, powered
by death 2, evolution 1
a: Renounce Religion, Evoke Blink


You were on level 1 of the Abyss.
You worshipped Xom.
You were a special plaything of Xom.
You were very full.

You visited 3 branches of the dungeon, and saw 22 of its levels.
You visited the Abyss 1 time.
You also visited: Bailey.

You collected 2268 gold pieces.
You spent 720 gold pieces at shops.

Inventory:

Hand weapons
 A - a +0 glaive of venom
 E - a +4 halberd of chaos (weapon)
Armour
 b - a +0 hat (worn)
 p - a +2 pair of gloves (worn)
 q - a +2 cloak of magic resistance
 r - a +0 leather armour of cold resistance
 u - the +4 cloak "Pnaquch" (worn) {rPois}
   (You found it on level 7 of the Lair of Beasts)

   It protects you from poison.
 K - a +0 leather armour of fire resistance (worn)
Jewellery
 c - a ring of see invisible (left hand)
 e - an uncursed amulet of guardian spirit
 g - the ring of Edasm (right hand) {+Blink MP+9 Str+3 Int+4}
   (Xom gifted it to you on level 5 of the Dungeon)

   [ring of magical power]

   It affects your strength (+3).
   It affects your intelligence (+4).
   It affects your magic capacity (+9).
   It lets you blink.
 j - an uncursed ring of magical power
 v - an uncursed ring of fire
 D - an amulet of the gourmand (around neck)
 N - an uncursed ring of protection from fire
 Z - an uncursed amulet of rage
Magical devices
 h - a wand of disintegration (13)
 i - a wand of hasting (4)
 x - a wand of fire (8)
 y - a wand of lightning (1)
 C - a wand of draining (7)
 G - a wand of polymorph (14)
 Y - a wand of digging (9)
Scrolls
 a - a scroll of recharging
 f - 3 scrolls of amnesia
 k - 6 scrolls of teleportation
 l - 2 scrolls of fog
 z - a scroll of fear
 H - a scroll of blinking
 J - a scroll of summoning
 M - 12 scrolls of identify
 V - 3 scrolls of remove curse
Potions
 m - a potion of invisibility
 t - 7 potions of curing
 w - 2 potions of haste
 B - 2 potions of resistance
 F - a potion of ambrosia
 Q - a potion of magic
Books
 o - a book of the Warp

   Spells                             Type                      Level
   a - Recall                         Summoning/Translocation      3
   b - Control Teleport               Charms/Translocation         4
   c - Force Lance                    Conjuration/Translocation    4
   d - Phase Shift                    Translocation                5
   e - Warp Weapon                    Charms/Translocation         5
   f - Gell's Gravitas                Hexes/Translocation          5
   g - Summon Forest                  Summoning/Translocation      5
 s - a book of Fire

   Spells                             Type                      Level
   a - Ignite Poison                  Fire/Transmutation           5
   b - Fireball                       Conjuration/Fire             5
   c - Bolt of Fire                   Conjuration/Fire             6
   d - Delayed Fireball               Conjuration/Fire             7
   e - Ring of Flames                 Charms/Fire                  7
Comestibles
 d - 4 bread rations
 n - 6 meat rations
 L - 6 fruits


   Skills:
 + Level 10.2 Fighting
 * Level 12.3 Polearms
 + Level 9.6 Armour
 + Level 8.6 Dodging
 - Level 1.7 Stealth
 - Level 4.0 Spellcasting
 - Level 7.9 Conjurations
 - Level 8.6 Charms
   Level 1.0 Summonings
 - Level 0.8 Translocations


You had one spell level left.
You knew the following spells:

 Your Spells              Type           Power        Failure   Level  Hunger
a - Magic Dart            Conj           ####         1%          1    None
b - Blink                 Tloc           N/A          12%         2    None
c - Mephitic Cloud        Conj/Pois/Air  ###.....     12%         3    ##.....
d - Conjure Flame         Conj/Fire      ####....     8%          3    ##.....
e - Iskenderun's Battles  Conj/Chrm      ######..     12%         5    #####..
f - Iskenderun's Mystic   Conj           #####...     4%          4    ####...
g - Repel Missiles        Chrm/Air       ####..       2%          2    None


Dungeon Overview and Level Annotations

Branches:
Dungeon (11/15)            Temple (0/1) D:5            Lair (8/8) D:9
  Swamp (0/5) Lair:5        Snake (0/5) Lair:4        Slime (0/6) Lair:6
    Orc (3/4) D:11            Elf (0/3) Orc:3

Altars:
Cheibriados
Dithmenos
Elyvilon
Fedhas
Gozag
Kikubaaqudgha
Makhleb
Nemelex Xobeh
Okawaru
Qazlal
Trog
Xom
Yredelemnul
Zin

Shops:
Orc:2 }


Innate Abilities, Weirdness & Mutations

You have claws for feet.
You are partially covered in thin metallic scales (AC +2).
Your flesh is heat resistant.
You can steal the life force of defeated enemies.
Your body is slowly deteriorating.
You evolve.


Message History

The starspawn tentacle is almost destroyed.
The starspawn tentacle constricts you. The tentacled starspawn bites you!!
The tentacled starspawn engulfs you!!
Your attempt to break free from the starspawn tentacle fails, but you feel that another attempt might succeed.
The starspawn tentacle constricts you. The tentacled starspawn bites you!!
* * * LOW HITPOINT WARNING * * *
The tentacled starspawn barely misses you.
Unknown command.
Drink which item? (? for menu, Esc to quit)
Okay, then.
Read which item? (? for menu, Esc to quit)
Okay, then.
Casting: Mephitic Cloud
Confirm with . or Enter, or press ? or * to list all spells.
A powerful magic prevents control of your teleportation.
Your attempt to break free from the starspawn tentacle fails, but you feel that another attempt might succeed.
* * * LOW HITPOINT WARNING * * *
The starspawn tentacle constricts you. The tentacled starspawn bites you!!
You die...
Xom bursts into laughter!

. # .# #.### # .#
##.... #.. .#.#
#......#### #.# ##
#...# .=. ##.. ..
#..#.#.# ..# ## #.
.. ..#.###Xw# # #.
. .#.# #..@w#
##.##....#..#.#
.##..#..#.##.###.#
... #.#..).#.###
## #.#.#..#..#.##
.. . . #.. ...#..#
# ##. # # ....# #
. .#. #.# .. ... .
##....#..#...#.# #


You could see a tentacled starspawn and 2 starspawn tentacles.

Vanquished Creatures
  Fannar (Lair:5)
  A naga warrior (Lair:4)
  3 hydras
  Nessos (Orc:3)
  3 death yaks
  2 unseen horrors (D:10)
  3 hill giants
  4 orc knights (Bailey)
  8 elephants
  3 black mambas
  2 torpor snails
  4 komodo dragons
  A queen ant (Lair:3)
  11 spiny frogs
  7 blink frogs
  A wandering mushroom (Lair:5)
  A two-headed ogre (Lair:4)
  3 trolls
  24 yaks
  2 basilisks
  6 hippogriffs
  17 wolves
  A steam dragon (D:11)
  4 nagas (Lair:4)
  9 porcupines
  A mottled dragon (shapeshifter) (Lair:5)
  3 sky beasts
  6 water moccasins
  17 orc warriors
  5 ice beasts
  3 ogres
  A spider (Lair:2)
  2 black bears (D:9)
  An eye of draining (D:11)
  A phantom (D:10)
  A centaur (D:11)
  A boring beetle (Lair:4)
  2 necrophages
  13 crocodiles
  4 big kobolds
  A wyvern zombie (D:11)
  Blork the orc (D:7)
  16 giant frogs
  A wyvern skeleton (D:7)
  5 killer bees (D:4)
  5 scorpions
  An electric eel (Lair:1)
  5 wights (D:9)
  4 crimson imps
  3 goliath beetles
  11 hounds
  15 jellies
  2 centaur skeletons
  18 orc priests
  2 giant frog skeletons (D:9)
  3 quasits
  3 iguanas
  19 orc wizards
  2 iron imps
  12 worker ants
  6 sheep (Lair:5)
  Ijyb (D:3)
  A giant frog simulacrum (D:8)
  2 hound zombies
  A hound skeleton (D:9)
  A worker ant zombie (D:9)
  Robin (D:3)
  22 adders
  61 river rats
  A giant mite (D:3)
  A shadow imp (Lair:4)
  5 white imps
  5 worms
  6 ufetubi
  An adder simulacrum (D:8)
  2 giant geckos
  3 oozes
  163 orcs
  19 bats
  A bat skeleton (D:5)
  6 bat zombies
  7 giant cockroaches
  25 hobgoblins
  16 jackals
  A giant gecko skeleton (D:5)
  5 giant newts
  A giant spore (D:9)
  31 goblins
  28 kobolds
  An orc zombie (Orc:2)
  12 quokkas
  A quokka skeleton (D:8)
  14 rats
  3 ballistomycetes (D:9)
  A fungus (Lair:6)
767 creatures vanquished.

Vanquished Creatures (collateral kills)
  An elephant (Lair:5)
  A troll (D:11)
  A water moccasin (Lair:6)
  An ogre (D:11)
  A crocodile (D:11)
  An iguana (Lair:5)
  An orc (Bailey)
7 creatures vanquished.

Vanquished Creatures (others)
  A fire vortex (Lair:1)
  2 quasits (Lair:6)
  A crimson imp (Lair:4)
  An iron imp (D:11)
  2 white imps
  3 ufetubi
  2 fungi
  A starspawn tentacle (Abyss:1)
  2 starspawn tentacle segments (Abyss:1)
15 creatures vanquished.

Grand Total: 789 creatures vanquished

Notes
Turn   | Place    | Note
--------------------------------------------------------------
     0 | D:1      | Trafet, the Demonspawn Wizard, began the quest for the Orb.
     0 | D:1      | Reached XP level 1. HP: 13/13 MP: 4/4
   341 | D:1      | Gained mutation: You have sharp toenails. [demonic ancestry]
   341 | D:1      | Reached XP level 2. HP: 19/19 MP: 3/6
   394 | D:1      | Learned a level 2 spell: Blink
  1015 | D:1      | Gained mutation: You are partially covered in thin metallic scales (AC +2). [demonic ancestry]
  1015 | D:1      | Reached XP level 3. HP: 20/24 MP: 0/7
  1500 | D:2      | Found an opulent altar of Gozag.
  1556 | D:2      | Found an iron altar of Okawaru.
  1578 | D:2      | Learned a level 3 spell: Mephitic Cloud
  2224 | D:3      | Found an ancient bone altar of Kikubaaqudgha.
  2277 | D:3      | Reached XP level 4. HP: 27/30 MP: 9/9
  2333 | D:3      | Reached skill level 4 in Conjurations
  2361 | D:3      | Found a shimmering altar of Xom.
  2370 | D:3      | Became a worshipper of Xom of Chaos
  2493 | D:3      | XOM: silly message
  2495 | D:3      | XOM: potion effect (invisibility)
  2669 | D:3      | Noticed Robin
  2696 | D:3      | Killed Robin
  2696 | D:3      | Reached skill level 5 in Conjurations
  2696 | D:3      | Reached XP level 5. HP: 12/35 MP: 4/11
  2995 | D:3      | XOM: divination: detect creatures
  3080 | D:3      | Noticed Ijyb
  3099 | D:3      | Killed Ijyb
  3425 | D:4      | Reached skill level 6 in Conjurations
  3471 | D:4      | Found a sparkling altar of Nemelex Xobeh.
  3491 | D:4      | Reached XP level 6. HP: 37/41 MP: 12/12
  3578 | D:4      | XOM: cast spell 'Dispersal'
  3604 | D:4      | Reached skill level 7 in Conjurations
  3613 | D:4      | XOM: harmless Conj miscast
  3615 | D:4      | Gained mutation: You have razor-sharp toenails. [demonic ancestry]
  3615 | D:4      | Reached XP level 7. HP: 34/46 MP: 2/14
  3790 | D:4      | Got a fine ring mail
  3801 | D:4      | Identified the cursed +0 ring mail "Blooclum" {rN++} (You found it on level 4 of the Dungeon)
  3973 | D:5      | Entered Level 5 of the Dungeon
  4042 | D:5      | XOM: smoke on damage
  4144 | D:4      | Learned a level 3 spell: Conjure Flame
  4251 | D:5      | XOM: divination: magic mapping
  4387 | D:5      | XOM: blink monster(s)
  4718 | D:5      | XOM: harmless Tloc miscast
  4743 | D:5      | Learned a level 5 spell: Iskenderun's Battlesphere
  4756 | D:5      | XOM: god gift: warped copper ring {god gift}
  4757 | D:5      | Got a warped copper ring {god gift}
  4760 | D:5      | Found a glowing silver altar of Zin.
  4761 | D:5      | Identified the ring of Edasm {+Blink MP+9 Str+3 Int+4} (Xom gifted it to you on level 5 of the Dungeon)
  4764 | D:5      | Found a shadowy altar of Dithmenos.
  5014 | D:5      | Reached skill level 1 in Charms
  5239 | D:5      | Found a white marble altar of Elyvilon.
  5379 | D:5      | XOM: mild Fire miscast
  5380 | D:5      | Noticed a fire vortex
  5380 | D:5      | Noticed a fire vortex
  5403 | D:5      | Found a staircase to the Ecumenical Temple.
  5843 | D:6      | XOM: vitrification
  6388 | D:7      | XOM: colour smoke trail
  6449 | D:7      | XOM: mild Pois miscast
  6586 | D:7      | Gained mutation: You can steal the life force of nearby defeated enemies. [demonic ancestry]
  6586 | D:7      | Reached XP level 8. HP: 38/52 MP: 18/18
  6791 | D:7      | XOM: colour smoke trail
  7027 | D:7      | Found a basalt altar of Yredelemnul.
  7077 | D:7      | Noticed Blork the orc
  7087 | D:7      | Killed Blork the orc
  7330 | D:8      | Found a stormy altar of Qazlal.
  7352 | D:8      | Found a flagged portal.
  7377 | Bailey   | Entered a bailey
  7491 | Bailey   | XOM: mild Conj miscast
  7497 | Bailey   | Reached skill level 5 in Charms
  7563 | Bailey   | Noticed an orc knight
  7563 | Bailey   | XOM: chaos upgrade
  7564 | Bailey   | Noticed an orc knight
  7578 | Bailey   | XOM: confusion
  7582 | Bailey   | XOM: blink monster(s)
  7589 | Bailey   | XOM: summons friendly white imp
  7605 | Bailey   | Killed an orc knight
  7606 | Bailey   | XOM: harmless Summ miscast
  7621 | Bailey   | Killed an orc knight
  7621 | Bailey   | Gained mutation: Your flesh is heat resistant. [demonic ancestry]
  7621 | Bailey   | Reached XP level 9. HP: 49/57 MP: 11/19
  7685 | Bailey   | XOM: divination: detect items
  7716 | Bailey   | Noticed an orc knight
  7721 | Bailey   | Noticed an orc knight
  7723 | Bailey   | XOM: potion effect (brilliance)
  7730 | Bailey   | XOM: potion effect (invisibility)
  7740 | Bailey   | XOM: harmless Summ miscast
  7741 | Bailey   | XOM: smoke on damage
  7747 | Bailey   | XOM: potion effect (might)
  7752 | Bailey   | Killed an orc knight
  7752 | Bailey   | Reached skill level 8 in Charms
  7771 | Bailey   | Reached skill level 10 in Polearms
  7771 | Bailey   | Reached XP level 10. HP: 51/63 MP: 2/20
  7771 | Bailey   | XOM: harmless Summ miscast
  7802 | Bailey   | Killed an orc knight
  8045 | D:8      | XOM: divination: magic mapping
  8133 | D:8      | XOM: confuse monster(s)
  8153 | D:8      | XOM: mild Erth miscast
  8392 | D:8      | Noticed a death yak
  8416 | D:8      | XOM: silly message
  8453 | D:8      | Killed a death yak
  8453 | D:8      | Reached skill level 11 in Polearms
  8534 | D:8      | XOM: harmless Ice miscast
  8653 | D:8      | XOM: harmless Air miscast
  8687 | D:8      | XOM: noise
  8688 | D:8      | XOM: enchant monster (good)
  8726 | D:8      | XOM: polymorph ice beast -> basilisk
  8986 | D:8      | Found a blossoming altar of Fedhas.
  9500 | D:8      | XOM: confuse monster(s)
  9670 | D:9      | Reached skill level 1 in Fighting
  9670 | D:9      | Reached skill level 1 in Armour
  9671 | D:9      | Found a staircase to the Lair.
  9746 | D:9      | Gained mutation: You can spit poison. [potion of beneficial mutation]
  9839 | D:9      | Reached XP level 11. HP: 70/70 MP: 21/21
  9978 | D:9      | Found a bloodstained altar of Trog.
 10049 | D:9      | XOM: vitrification
 10239 | D:9      | XOM: destruction
 10330 | D:9      | XOM: stat loss: -1 Str (10/11)
 10546 | D:9      | XOM: god gift: slice of pizza
 10772 | D:10     | Entered Level 10 of the Dungeon
 10788 | D:10     | Found a snail-covered altar of Cheibriados.
 11243 | D:10     | XOM: polymorph troll -> something unseen
 11435 | D:9      | Noticed a hill giant
 11441 | D:9      | Killed a hill giant
 11565 | D:10     | Got an iridescent mace
 11566 | D:10     | Identified the +8 mace of the Orb {venom, -Tele MP+9 Int+3} (You found it on level 10 of the Dungeon)
 11654 | D:10     | XOM: polymorph hound -> jelly
 11694 | D:10     | XOM: 1-stop teleportation journey
 11745 | D:10     | Killed an unseen horror
 11927 | D:10     | XOM: harmless Chrm miscast
 12148 | D:10     | XOM: harmless Trmt miscast
 12271 | D:10     | XOM: divination: detect creatures
 12301 | D:10     | Killed an unseen horror
 12301 | D:10     | Reached skill level 5 in Fighting
 12335 | D:10     | XOM: god gift: 30 gold pieces
 12351 | D:10     | XOM: summons 1 hostile demon
 12497 | D:10     | XOM: vitrification
 12597 | D:11     | Noticed a hill giant
 12606 | D:11     | XOM: polymorph jelly -> steam dragon
 12612 | D:11     | Noticed a hill giant
 12625 | D:11     | XOM: butterfly on damage
 12626 | D:11     | XOM: summons 9 friendly demons
 12649 | D:11     | Killed a hill giant
 12669 | D:11     | Killed a hill giant
 12669 | D:11     | Reached skill level 5 in Armour
 12748 | D:11     | XOM: summons 5 hostile demons
 12862 | D:11     | Found a burning altar of Makhleb.
 12946 | D:11     | XOM: enchant monster (bad)
 12964 | D:11     | Found a staircase to the Orcish Mines.
 13173 | D:11     | XOM: colour smoke trail
 13188 | Orc:1    | Entered Level 1 of the Orcish Mines
 13230 | Orc:1    | XOM: god gift: wand of frost {god gift}
 13478 | Orc:1    | XOM: divination: detect items
 13622 | Orc:1    | Found Buatt's Jewellery Shop.
 13743 | Orc:2    | XOM: vitrification
 13823 | Orc:2    | XOM: vitrification
 14174 | Orc:2    | XOM: vitrification
 14304 | Orc:2    | Found Ceaqo's Gadget Boutique.
 14319 | Orc:2    | Bought a wand of hasting (4) for 720 gold pieces
 14566 | Orc:3    | Found a staircase to the Elven Halls.
 14566 | Orc:3    | XOM: god gift: runed cloak {god gift}
 15054 | Orc:3    | Noticed Nessos
 15068 | Orc:3    | Killed Nessos
 15068 | Orc:3    | Gained mutation: You can steal the life force of defeated enemies. [demonic ancestry]
 15068 | Orc:3    | Reached XP level 12. HP: 70/88 MP: 10/22
 15322 | Lair:1   | Entered Level 1 of the Lair of Beasts
 15330 | Lair:1   | XOM: mild Fire miscast
 15337 | Lair:1   | XOM: enchant monster (bad)
 15573 | Lair:1   | XOM: 1-stop teleportation journey
 15602 | Lair:1   | XOM: 4-stop teleportation journey
 15752 | Lair:1   | XOM: 1-stop teleportation journey
 15841 | Lair:1   | Noticed a four-headed hydra
 15847 | Lair:1   | XOM: give mutations
 15847 | Lair:1   | Gained mutation: You are clumsy. (Dex -2) [Xom's mischief]
 15847 | Lair:1   | Gained mutation: You have difficulty communicating with the divine. [Xom's mischief]
 15847 | Lair:1   | Lost mutation: You can spit poison. [Xom's mischief]
 15847 | Lair:1   | Lost mutation: You are clumsy. (Dex -2) [Xom's mischief]
 15850 | Lair:1   | XOM: smoke on damage
 15851 | Lair:1   | Killed a four-headed hydra
 15851 | Lair:1   | Reached skill level 5 in Dodging
 16113 | Lair:1   | Learned a level 4 spell: Iskenderun's Mystic Blast
 16511 | Lair:1   | XOM: give mutations
 16511 | Lair:1   | Gained mutation: You are weak. (Str -2) [Xom's mischief]
 16511 | Lair:1   | Gained mutation: Your body is slowly deteriorating. [Xom's mischief]
 16511 | Lair:1   | Gained mutation: Your body is deteriorating. [Xom's mischief]
 16812 | Lair:2   | Noticed a seven-headed hydra
 16820 | Lair:2   | Killed a seven-headed hydra
 17047 | Lair:2   | XOM: 4-stop teleportation journey
 17189 | Lair:2   | XOM: polymorph blink frog -> spider
 17295 | Lair:2   | XOM: cast spell 'Shadow Creatures'
 17660 | Lair:3   | XOM: god gift: ivory ring {god gift}
 18207 | Lair:3   | XOM: mild Divn miscast
 18777 | Lair:4   | Noticed a naga warrior
 18806 | Lair:4   | XOM: potion effect (experience)
 18806 | Lair:4   | Reached XP level 13. HP: 64/101 MP: 10/23
 18812 | Lair:4   | XOM: divination: detect items
 19112 | Lair:4   | XOM: noise
 19139 | Lair:4   | Lost mutation: You are weak. (Str -2) [potion of cure mutation]
 19139 | Lair:4   | Lost mutation: Your body is deteriorating. [potion of cure mutation]
 19139 | Lair:4   | Lost mutation: Your body is slowly deteriorating. [potion of cure mutation]
 19139 | Lair:4   | Lost mutation: You have difficulty communicating with the divine. [potion of cure mutation]
 19281 | Lair:4   | XOM: confusion (+ monsters)
 19284 | Lair:4   | XOM: noise
 19296 | Lair:4   | XOM: blink monster(s)
 19303 | Lair:4   | XOM: enchant monster (bad)
 19631 | Lair:4   | XOM: blink monster(s)
 19681 | Lair:4   | XOM: colour smoke trail
 19826 | Lair:4   | XOM: summons 6 hostile demons
 19827 | Lair:4   | XOM: summons friendly crimson imp
 19837 | Lair:4   | XOM: fog
 19860 | Lair:4   | XOM: destruction
 19861 | Lair:4   | Killed a naga warrior
 19880 | Lair:4   | XOM: god gift: scroll of immolation
 20028 | Lair:4   | Found a staircase to the Snake Pit.
 20055 | Lair:4   | Learned a level 2 spell: Repel Missiles
 20244 | Lair:5   | XOM: noise
 20303 | Lair:5   | Noticed Fannar
 20306 | Lair:5   | XOM: fake destruction
 20321 | Lair:5   | XOM: enchant monster (good)
 20342 | Lair:5   | Killed Fannar
 20342 | Lair:5   | Gained mutation: You have claws for feet. [demonic ancestry]
 20342 | Lair:5   | Reached XP level 14. HP: 82/108 MP: 24/24
 20514 | Lair:3   | XOM: god gift: potion of lignification
 20647 | Lair:5   | XOM: confuse monster(s)
 20713 | Lair:5   | XOM: confuse monster(s)
 20749 | Lair:5   | XOM: enchant monster (good)
 20863 | Lair:5   | XOM: summons friendly ufetubus
 20864 | Lair:5   | XOM: enchant monster (good)
 20869 | Lair:5   | XOM: confuse monster(s)
 20898 | Lair:5   | Found a staircase to the Swamp.
 21240 | Lair:5   | XOM: divination: detect creatures
 21246 | Lair:5   | XOM: medium Erth miscast
 21385 | Lair:5   | XOM: god gift: steaming arbalest {god gift}
 21388 | Lair:5   | Got a steaming arbalest {god gift}
 21389 | Lair:5   | Identified the +8 arbalest of Exquisite Death {penet, -Cast rC+ Dex+4} (Xom gifted it to you on level 5 of the Lair of Beasts)
 21455 | Lair:3   | XOM: polymorph seven-headed hydra -> queen ant
 21582 | Lair:3   | Identified a -2 rod of shadows (11/11) (You found it on level 2 of the Lair of Beasts)
 21673 | Lair:6   | XOM: fog
 21677 | Lair:6   | XOM: enchant monster (good)
 21717 | Lair:6   | XOM: summons friendly crimson imp
 21718 | Lair:6   | XOM: potion effect (brilliance)
 21720 | Lair:6   | XOM: summons 12 friendly demons
 21943 | Lair:6   | XOM: give mutation
 21943 | Lair:6   | Gained mutation: You evolve. [Xom's grace]
 22040 | Lair:6   | XOM: silly message
 22068 | Lair:6   | XOM: cast spell 'Statue Form'
 22125 | Lair:6   | Found a staircase to the Slime Pits.
 22132 | Lair:6   | Reached skill level 12 in Polearms
 22154 | Lair:6   | XOM: swap monsters
 22489 | Lair:6   | XOM: divination: detect items
 22643 | Lair:6   | XOM: divination: detect items
 22920 | Lair:6   | XOM: cast spell 'Ice Form'
 22955 | Lair:6   | Reached skill level 10 in Fighting
 23003 | Lair:7   | XOM: cast spell 'Blink'
 23010 | Lair:7   | XOM: cast spell 'Metabolic Englaciation'
 23030 | Lair:7   | XOM: cast spell 'Dispersal'
 23057 | Lair:7   | XOM: potion effect (magic)
 23342 | Lair:7   | XOM: mild Necr miscast
 23432 | Lair:7   | XOM: potion effect (brilliance)
 23643 | Lair:7   | Got a transparent cloak
 23644 | Lair:7   | Identified the +4 cloak "Pnaquch" {rPois} (You found it on level 7 of the Lair of Beasts)
 23886 | Lair:8   | Entered Level 8 of the Lair of Beasts
 23903 | Lair:8   | XOM: harmless Fire miscast
 23948 | Lair:7   | XOM: blink monster(s)
 24162 | Lair:8   | XOM: medium Tloc miscast
 24162 | Lair:8   | Cast into the Abyss (the capriciousness of Xom)
 24162 | Abyss:1  | Found a corrupted altar of Lugonu.
 24180 | Abyss:1  | Gained mutation: Your body is slowly deteriorating. [evolution]
 24218 | Abyss:1  | Noticed a tentacled starspawn
 24219 | Abyss:1  | XOM: destruction
 24227 | Abyss:1  | Slain by a tentacled starspawn

Action                   |  1- 3 |  4- 6 |  7- 9 | 10-12 | 13-15 || total
-------------------------+-------+-------+-------+-------+-------++-------
Melee: Dagger            |    29 |       |       |       |       ||    29
       Trident           |    19 |   165 |   378 |       |       ||   562
       Spear             |       |       |     6 |   260 |       ||   266
       Halberd           |       |       |       |  1013 |   592 ||  1605
       Unarmed           |       |       |       |       |     6 ||     6
 Cast: Magic Dart        |   107 |     1 |    51 |    68 |    11 ||   238
       Mephitic Cloud    |       |    11 |    25 |    55 |    48 ||   139
       Blink             |       |     2 |    14 |     6 |     6 ||    28
       Conjure Flame     |       |       |     6 |    24 |     5 ||    35
       Iskenderun's Batt |       |       |     3 |    12 |     8 ||    23
       Iskenderun's Myst |       |       |       |     6 |    24 ||    30
       Repel Missiles    |       |       |       |       |     1 ||     1
Evoke: Wand              |       |       |       |       |     3 ||     3
  Use: Scroll            |       |       |    21 |    17 |     5 ||    43
       Potion            |       |       |    11 |     6 |     4 ||    21
 Stab: Confused          |       |     2 |     8 |    39 |    34 ||    83
       Sleeping          |       |     2 |       |     3 |     2 ||     7
       Invisible         |       |       |       |     4 |       ||     4
       Distracted        |       |       |       |     2 |     1 ||     3
       Paralysed         |       |       |       |    14 |    22 ||    36
       Petrified         |       |       |       |       |     2 ||     2
  Eat: Chunk             |     4 |     9 |    25 |    44 |    29 ||   111
       Beef jerky        |       |       |     1 |       |       ||     1
       Fruit             |       |       |       |       |     1 ||     1
